 Dungeon Crawl Stone Soup version 0.28-a0-1616-g050a50673c (webtiles) character file.

Game seed: 6600446517339744512

6099 Gargoyl the Fighter (level 10, -3/82 HPs)
             Began as a Gnoll Abyssal Knight on Jan 22, 2022.
             Was a Priest of Lugonu.
             Slain by Gastronok (23 damage)
             ... on level 8 of the Dungeon.
             The game lasted 00:12:18 (9535 turns).

Gargoyl the Fighter (Gnoll Abyssal Knight)          Turns: 9535, Time: 00:12:19

Health: -3/82      AC: 19    Str: 16    XL:     10   Next: 88%
Magic:  18/18      EV:  5    Int: 10    God:    Lugonu [***...]
Gold:   360        SH:  9    Dex: 13    Spells: 20/20 levels left

rFire   . . .      SeeInvis .   w - +0 broad axe (venom)
rCold   . . .      Faith    .   b - +0 kite shield
rNeg    . . .      Spirit   .   z - +0 plate armour
rPois   .          Reflect  .   d - +1 helmet
rElec   .          Harm     .   E - +2 cloak
rCorr   .          Rampage  .   (no gloves)
Will    .....                   (no boots)
Stlth   ..........              (no amulet)
HPRegen 0.23/turn               (no ring)
MPRegen 0.16/turn               (no ring)

@: attractive
A: fangs 1, strong nose, distributed training
a: Renounce Religion, Depart the Abyss, Bend Space, Banish


You were on level 8 of the Dungeon.
You worshipped Lugonu.
Lugonu was most pleased with you.
You visited 1 branch of the dungeon, and saw 8 of its levels.
You visited the Abyss 1 time.

You collected 418 gold pieces.
You spent 58 gold pieces at shops.

Inventory:

Hand Weapons
 a - a +3 hand axe
 w - a +0 broad axe of venom (weapon)
 y - a +2 long sword of holy wrath
 D - a +0 scimitar of flaming
Missiles
 h - a throwing net
 p - 6 boomerangs (quivered)
Armour
 b - a +0 kite shield (worn)
 d - a +1 helmet (worn)
 z - a +0 plate armour (worn)
 E - a +2 cloak (worn)
Jewellery
 C - a ring of wizardry
Wands
 i - a wand of charming (19)
 j - a wand of iceblast (3)
 q - a wand of polymorph (13)
 v - a wand of paralysis (11)
Scrolls
 c - a scroll of blinking
 e - a scroll of identify
 n - 2 scrolls of magic mapping
 r - 2 scrolls of holy word
 t - a scroll of teleportation
 x - 3 scrolls of fog
Potions
 g - 2 potions of curing
 k - a potion of cancellation
 l - a potion of resistance {unknown}
 m - a potion of brilliance {unknown}
 o - a potion of might {unknown}
 s - 2 potions of lignification {unknown}
 u - 2 potions of berserk rage {unknown}
 A - a potion of magic
 B - 3 potions of degeneration {unknown}


   Skills:
 + Level 8.8 Fighting
 + Level 5.7 Short Blades
 + Level 5.7 Long Blades
 + Level 7.4 Axes
 + Level 5.7 Maces & Flails
 + Level 5.7 Polearms
 + Level 5.7 Staves
 + Level 5.7 Slings
 + Level 5.7 Bows
 + Level 5.7 Crossbows
 + Level 5.7 Throwing
 + Level 7.4 Armour
 + Level 6.3 Dodging
 + Level 5.7 Stealth
 + Level 5.7 Shields
 + Level 5.7 Unarmed Combat
 + Level 5.7 Spellcasting
 + Level 4.7 Conjurations
 + Level 4.7 Hexes
 + Level 4.7 Summonings
 + Level 4.7 Necromancy
 + Level 4.7 Translocations
 + Level 4.7 Transmutations
 + Level 4.7 Fire Magic
 + Level 4.7 Ice Magic
 + Level 4.7 Air Magic
 + Level 4.7 Earth Magic
 + Level 4.7 Poison Magic
 + Level 7.8 Invocations
 + Level 5.7 Evocations


You had 20 spell levels left.
You didn't know any spells.
Your spell library contained the following spells:

 Spells                   Type           Power      Damage    Failure   Level
 Blink                    Tloc           24%        N/A       99%         2
 Ensorcelled Hibernation  Hex/Ice        24%        N/A       99%         2
 Passwall                 Tmut/Erth      10%        N/A       99%         2
 Call Canine Familiar     Summ           12%        N/A       100%        3
 Gell's Gravitas          Tloc           12%        N/A       100%        3
 Lesser Beckoning         Tloc           12%        N/A       100%        3
 Portal Projectile        Hex/Tloc       24%        N/A       100%        3
 Stone Arrow              Conj/Erth      24%        3d8       100%        3
 Swiftness                Air            12%        N/A       100%        3
 Teleport Other           Tloc           12%        N/A       100%        3
 Animate Armour           Summ/Erth      24%        N/A       100%        4
 Fulminant Prism          Conj/Hex       6%         3d7       100%        4
 Iskenderun's Mystic Bla  Conj/Tloc      12%        2d5       100%        4
 Leda's Liquefaction      Hex/Erth       6%         N/A       100%        4
 Lee's Rapid Deconstruct  Erth           6%         3d7*      100%        5
 Manifold Assault         Tloc           12%        N/A       100%        5
 Summon Forest            Summ/Tloc      6%         N/A       100%        5
 Summon Mana Viper        Hex/Summ       12%        N/A       100%        5
 Summon Cactus Giant      Summ           6%         N/A       100%        6
 Lehudib's Crystal Spear  Conj/Erth      6%         10d3      100%        8


Dungeon Overview and Level Annotations

Branches:
Dungeon (8/15)             Temple (0/1) D:5            Lair (0/6) D:8

Altars:
Dithmenos
Elyvilon
Kikubaaqudgha
Nemelex Xobeh
Sif Muna
Trog
Uskayaw
Wu Jian
Xom
Zin

Shops:
D:2 [   D:5 =

Annotations:
D:8 Gastronok


Innate Abilities, Weirdness & Mutations

You have very sharp teeth.
Your uncanny sense of smell can sniff out nearby items.
Your experience applies equally to all skills.


Message History

The orc shouts!
An orc is nearby!
An orc is nearby!
You hit the orc.
The orc is heavily wounded.
You block the orc's attack.
You slash the orc!
You kill the orc!
Lugonu accepts your kill.
Unknown command.
Things that are here:
a +0 whip; an orc corpse Unknown command.
Gastronok the Ponderous comes into view.
Gastronok gurgles horribly!
Gastronok is nearby!
Found a stone staircase leading up.
Gastronok waves his eye-stalks in wide circles.
The air twists around and strikes you!! Gastronok bites you!
You slash Gastronok!
Gastronok is poisoned.
Gastronok is lightly wounded.
You barely miss Gastronok.
Gastronok is lightly wounded.
Gastronok bites you!!
* * * LOW HITPOINT WARNING * * *
You slash Gastronok! You bite Gastronok, but do no damage.
Gastronok is lightly wounded.
Gastronok gurgles.
Gastronok's eyestalks quiver as he mumbles some strange words.
You feel better.
You hit Gastronok but do no damage. You bite Gastronok, but do no damage.
Gastronok is lightly wounded.
Gastronok waves his eye-stalks in wide circles.
The air twists around and strikes you!
* * * LOW HITPOINT WARNING * * *
It was a potion of attraction.
You feel attractive to monsters. Gastronok bites you!!
You die...

.P..##.#
#.#######
(.P.##.#
#.......#
.......#
#.#####.#
P....### #.#
#.# ..P.##
#.# #<#
....# #.#
#r# ...##
#.# #r# ...#
#.# #w# ..##
#####.# #@#
#.# #.....#
#.# #.#
#.##### #.#
#># #.# #.#
#.# #.# #.#
..# #.# #.#
### ##.##
#.## ##.#.##
#..#
####.###.###
##.#


You could see Gastronok (poisoned), a river rat (summoned) and a quokka
(summoned).

Vanquished Creatures
  Erica (D:8)
  A two-headed ogre (D:8)
  Pikel (D:6)
  A centaur zombie (D:8)
  Maggie (D:7)
  Eustachio (D:4)
  Grum (D:7)
  2 water moccasins (D:7)
  2 ice beasts (D:6)
  4 orc warriors
  6 black bears
  A sky beast (D:8)
  A necrophage (D:4)
  An ogre (D:7)
  4 wolves
  5 centaurs
  2 phantoms
  3 bullfrogs
  A wyvern zombie (D:7)
  2 scorpions
  A howler monkey (D:4)
  5 hounds
  A jelly (D:5)
  2 centaur skeletons
  4 orc priests
  An orc wizard (D:7)
  2 hound skeletons (D:4)
  2 howler monkey zombies (D:5)
  3 adders
  3 gnolls
  A howler monkey skeleton (D:5)
  2 shadow imps
  A white imp (D:6)
  An ufetubus (D:5)
  3 worms
  3 dart slugs (D:1)
  15 orcs
  3 endoplasms
  3 giant cockroaches
  3 goblins
  12 hobgoblins
  7 jackals
  4 quokkas
  6 ball pythons
  3 bats
  4 frilled lizards
  A kobold (D:1)
  4 rats
141 creatures vanquished.

Vanquished Creatures (others)
  A sky beast (D:6)
  11 fungi (D:8)
  11 plants (D:8)
23 creatures vanquished.

Grand Total: 164 creatures vanquished

Notes
Turn   | Place    | Note
-------+----------+-------------------------------------------
     0 | Abyss:1  | Gargoyl the Gnoll Abyssal Knight began the quest for the
                  | Orb.
     0 | Abyss:1  | Reached XP level 1. HP: 23/23 MP: 3/3
     0 | D:1      | Escaped the Abyss
    59 | D:1      | Reached * piety under Lugonu
    60 | D:1      | Reached XP level 2. HP: 11/29 MP: 5/5
   646 | D:1      | Reached XP level 3. HP: 23/35 MP: 6/6
   990 | D:1      | Found a faded altar of an unknown god.
  1326 | D:2      | Reached skill level 1 in Short Blades
  1326 | D:2      | Reached skill level 1 in Long Blades
  1326 | D:2      | Reached skill level 1 in Maces & Flails
  1326 | D:2      | Reached skill level 1 in Polearms
  1326 | D:2      | Reached skill level 1 in Staves
  1326 | D:2      | Reached skill level 1 in Slings
  1326 | D:2      | Reached skill level 1 in Bows
  1326 | D:2      | Reached skill level 1 in Crossbows
  1326 | D:2      | Reached skill level 1 in Throwing
  1326 | D:2      | Reached skill level 1 in Stealth
  1326 | D:2      | Reached skill level 1 in Shields
  1326 | D:2      | Reached skill level 1 in Unarmed Combat
  1326 | D:2      | Reached skill level 1 in Spellcasting
  1326 | D:2      | Reached skill level 1 in Evocations
  1330 | D:2      | Found Wotaseh's Armour Shoppe.
  1339 | D:2      | Bought a +0 chain mail for 58 gold pieces
  1589 | D:2      | Reached XP level 4. HP: 41/41 MP: 7/7
  2417 | D:3      | Gained mutation: Your spells are a little harder to cast,
                  | but a little more powerful. [potion of mutation]
  2417 | D:3      | Gained mutation: You have sharp toenails. [potion of
                  | mutation]
  2417 | D:3      | Lost mutation: Your spells are a little harder to cast, but
                  | a little more powerful. [potion of mutation]
  2444 | D:3      | Reached skill level 1 in Conjurations
  2444 | D:3      | Reached skill level 1 in Hexes
  2444 | D:3      | Reached skill level 1 in Summonings
  2444 | D:3      | Reached skill level 1 in Necromancy
  2444 | D:3      | Reached skill level 1 in Translocations
  2444 | D:3      | Reached skill level 1 in Transmutations
  2444 | D:3      | Reached skill level 1 in Fire Magic
  2444 | D:3      | Reached skill level 1 in Ice Magic
  2444 | D:3      | Reached skill level 1 in Air Magic
  2444 | D:3      | Reached skill level 1 in Earth Magic
  2444 | D:3      | Reached skill level 1 in Poison Magic
  2513 | D:3      | Reached XP level 5. HP: 44/47 MP: 8/8
  2538 | D:3      | Reached ** piety under Lugonu
  2549 | D:3      | Reached skill level 5 in Invocations
  2861 | D:3      | Found an ornate altar of the Wu Jian Council.
  3081 | D:4      | Found an ancient bone altar of Kikubaaqudgha.
  3088 | D:4      | Reached XP level 6. HP: 53/53 MP: 9/9
  3090 | D:4      | Found a shimmering blue altar of Sif Muna.
  3093 | D:4      | Found a shimmering altar of Xom.
  3093 | D:4      | Found a hide-covered altar of Uskayaw.
  3099 | D:4      | Found a white marble altar of Elyvilon.
  3213 | D:4      | Reached skill level 5 in Axes
  3213 | D:4      | Reached skill level 5 in Armour
  3650 | D:4      | Noticed a necrophage
  3660 | D:4      | Killed a necrophage
  3661 | D:4      | Reached XP level 7. HP: 47/59 MP: 10/10
  3755 | D:4      | Found a sparkling altar of Nemelex Xobeh.
  3885 | D:5      | Entered Level 5 of the Dungeon
  3885 | D:5      | Found Lajan's One-of-a-Kind Rings.
  3892 | D:5      | Reached skill level 7 in Fighting
  4043 | D:5      | Noticed Eustachio
  4094 | D:4      | Killed Eustachio
  4213 | D:5      | Found a staircase to the Ecumenical Temple.
  4562 | D:6      | Reached XP level 8. HP: 65/67 MP: 12/12
  5216 | D:6      | Found a bloodstained altar of Trog.
  5502 | D:6      | Reached XP level 9. HP: 72/72 MP: 14/14
  5893 | D:6      | Noticed Pikel
  5910 | D:6      | Killed Pikel
  6075 | D:7      | Noticed Maggie
  6126 | D:7      | Reached skill level 5 in Dodging
  6131 | D:7      | Killed Maggie
  6144 | D:6      | Reached skill level 8 in Fighting
  6733 | D:7      | Reached *** piety under Lugonu
  7114 | D:7      | Found a shadowy altar of Dithmenos.
  7114 | D:7      | Found a glowing silver altar of Zin.
  7187 | D:7      | Reached XP level 10. HP: 80/80 MP: 17/17
  7426 | D:8      | Noticed a two-headed ogre
  7434 | D:8      | Killed a two-headed ogre
  7435 | D:8      | Reached skill level 5 in Short Blades
  7435 | D:8      | Reached skill level 5 in Long Blades
  7435 | D:8      | Reached skill level 5 in Maces & Flails
  7435 | D:8      | Reached skill level 5 in Polearms
  7435 | D:8      | Reached skill level 5 in Staves
  7435 | D:8      | Reached skill level 5 in Slings
  7435 | D:8      | Reached skill level 5 in Bows
  7435 | D:8      | Reached skill level 5 in Crossbows
  7435 | D:8      | Reached skill level 5 in Throwing
  7435 | D:8      | Reached skill level 5 in Stealth
  7435 | D:8      | Reached skill level 5 in Shields
  7435 | D:8      | Reached skill level 5 in Unarmed Combat
  7435 | D:8      | Reached skill level 5 in Spellcasting
  7435 | D:8      | Reached skill level 5 in Evocations
  7526 | D:8      | Noticed Grum
  7964 | D:7      | Lost mutation: You have sharp toenails. [potion of
                  | mutation]
  7964 | D:7      | Gained mutation: You have a somewhat thin skeletal
                  | structure. (Dex +2, Stealth+) [potion of mutation]
  7964 | D:7      | Gained mutation: Armour fits poorly on your strangely
                  | shaped body. [potion of mutation]
  7979 | D:7      | Killed Grum
  8207 | D:8      | Lost mutation: Armour fits poorly on your strangely shaped
                  | body. [potion of mutation]
  8207 | D:8      | Lost mutation: You have a somewhat thin skeletal structure.
                  | (Dex +2, Stealth+) [potion of mutation]
  8207 | D:8      | Gained mutation: You are weak. (Str -2) [potion of
                  | mutation]
  8207 | D:8      | Lost mutation: You are weak. (Str -2) [potion of mutation]
  8765 | D:8      | Noticed Erica
  8791 | D:8      | Killed Erica
  9262 | D:8      | Found a staircase to the Lair.
  9524 | D:8      | Noticed Gastronok
  9535 | D:8      | Slain by Gastronok

Illustrated notes

Levels and vault maps discovered:
D:1:      minmay_arrival_checkered_box, layout_loops_cross,
          shapermc_ecumenical_altar_hornbeckon
D:2:      layout_basic, serial_shops, shop
D:3:      cheibrodos_pilgrimage, layout_basic, pdpol_wu_jian_five_deadly_venoms,
          grunt_decor_junction
D:4:      layout_basic, nemelex_diamond_rough_becter,
          nicolae_overflow_hallway_of_the_gods, serial_glass, glass_columns_a,
          glass_columns_c, moated_statue
D:5:      minmay_chambers_of_threes, layout_rooms, minmay_temple_entry_arrows,
          minmay_misc_feat_plants, nicolae_shop_unique_rings,
          kennysheep_pointless_box, uniq_eustachio
D:6:      layout_loops_ring, trog_ov_bears_minmay, uniq_pikel
D:7:      layout_rooms, mainiacjoe_overflow_large_starburst, uniq_maggie
D:8:      layout_loops_ring, gammafunk_temple_overflow_elements,
          grunt_lair_entry_orc_guard_hut, uniq_gastronok, uniq_erica, uniq_grum

Skill      XL: |  1  2  3  4  5  6  7  8  9 10 |
---------------+-------------------------------+-----
Short Blades   | 1 2 3 4 5 |  5.7
Long Blades    | 1 2 3 4 5 |  5.7
Maces & Flails | 1 2 3 4 5 |  5.7
Polearms       | 1 2 3 4 5 |  5.7
Staves         | 1 2 3 4 5 |  5.7
Slings         | 1 2 3 4 5 |  5.7
Bows           | 1 2 3 4 5 |  5.7
Crossbows      | 1 2 3 4 5 |  5.7
Throwing       | 1 2 3 4 5 |  5.7
Stealth        | 1 2 3 4 5 |  5.7
Shields        | 1 2 3 4 5 |  5.7
Unarmed Combat | 1 2 3 4 5 |  5.7
Spellcasting   | 1 2 3 4 5 |  5.7
Evocations     | 1 2 3 4 5 |  5.7
Conjurations   | 1 2 3 4 |  4.7
Hexes          | 1 2 3 4 |  4.7
Summonings     | 1 2 3 4 |  4.7
Necromancy     | 1 2 3 4 |  4.7
Translocations | 1 2 3 4 |  4.7
Transmutations | 1 2 3 4 |  4.7
Fire Magic     | 1 2 3 4 |  4.7
Ice Magic      | 1 2 3 4 |  4.7
Air Magic      | 1 2 3 4 |  4.7
Earth Magic    | 1 2 3 4 |  4.7
Poison Magic   | 1 2 3 4 |  4.7
Dodging        | 3 4 5 6 |  6.3
Invocations    | 5 6 7 |  7.8
Axes           | 5 6 7 |  7.4
Armour         | 5 6 7 |  7.4
Fighting       | 7 8 |  8.8

Action                   |  1- 3 |  4- 6 |  7- 9 | 10-12 || total
-------------------------+-------+-------+-------+-------++-------
Melee: Hand axe          |   106 |   108 |   298 |    93 ||   605
       Bite              |     6 |    10 |    40 |    18 ||    74
       Punch             |     1 |       |       |       ||     1
       Kick              |       |    30 |    89 |     7 ||   126
       Broad axe         |       |       |       |    47 ||    47
Throw: Boomerang         |       |       |     5 |       ||     5
Invok: Depart the Abyss  |     1 |       |       |       ||     1
       Bend Space        |       |       |     3 |       ||     3
       Banish            |       |       |       |     3 ||     3
Evoke: Wand              |       |       |     4 |     3 ||     7
  Use: Scroll            |     3 |     5 |     6 |     3 ||    17
       Potion            |       |     1 |     1 |     5 ||     7
 Stab: Sleeping          |     1 |       |       |       ||     1
       Paralysed         |       |       |       |     2 ||     2
Armor: Leather armour    |    17 |       |       |       ||    17
       Chain mail        |    22 |    76 |   195 |       ||   293
       Plate armour      |       |       |     4 |   125 ||   129
Dodge: Dodged            |    65 |    34 |    94 |    28 ||   221
Block: Kite shield       |    12 |    39 |   180 |    81 ||   312

Table legend: (Time is in decaauts)
 A = Elapsed time spent in this place.
 B = Non-inter-level travel time spent in this place.
 C = Inter-level travel time spent in this place.
 D = Time resting spent in this place.
 E = Time spent auto-exploring this place.
 F = Levels seen in this place.
 G = Mean time per level.
                   A        B        C        D        E       F      G
               +--------+--------+--------+--------+--------+-----+--------+
         Total |   9678 |   9468 |    210 |   1380 |   6198 |   9 | 1075.3 |
       Dungeon |   9678 |   9468 |    210 |   1380 |   6198 |   8 | 1209.8 |
         Abyss |      0 |      0 |      0 |      0 |      0 |   1 |    0.0 |
               +--------+--------+--------+--------+--------+-----+--------+

Top non-repeatable levels by time:
     D:7: 1754 daAuts
     D:8: 1531 daAuts
     D:6: 1321 daAuts
     D:2: 1213 daAuts
     D:1: 1136 daAuts
     D:4: 1028 daAuts
     D:5: 1024 daAuts
     D:3: 667 daAuts
